 Dungeon Crawl Stone Soup version 0.30.1-9-gdf580d7c3d (webtiles) character file.

Game seed: 15349877698423571969

63585 booth the Severer (level 15, -3/136 HPs)
             Began as a Hill Orc Monk on Sept 28, 2023.
             Was the Champion of Beogh.
             Killed from afar by a starcursed mass (8 damage)
             ... with an accursed screaming
             ... on level 2 of the Abyss.
             The game lasted 02:35:23 (26884 turns).

booth the Severer (Hill Orc Monk)                  Turns: 26884, Time: 02:35:23

Health: -3/136     AC: 28    Str: 20    XL:     15   Next: 10%
Magic:  22/25      EV: 12    Int: 13    God:    Beogh [******]
Gold:   513        SH:  7    Dex: 13    Spells: 14/14 levels left

rFire   + + +        i - +6 war axe "Giantbane" {freeze, rF+}
rCold   + . .        O - +2 buckler
rNeg    + . .        v - +3 scale mail {rF+}
rPois   +            U - +2 helmet
rElec   .            q - +2 cloak
rCorr   +            K - +3 pair of gloves of the Hanged Man {rF+}
SInv    +            w - +2 pair of boots
Will    ++...        B - amulet of Richiami {Acrobat rPois rF+ Will+ Dex-2}
Stlth   +            t - ring "Commuo" {rPois rC+ rCorr Int+3 SInv}
HPRegen 0.42/turn    P - ring of positive energy
MPRegen 0.19/turn

%: random rage (3%), acrobat
@: no status effects
A: walk on water, sense surroundings 1, subdued magic 1, [berserk 1]
a: Renounce Religion, Smiting, Recall Orcish Followers, Give Item to Named
Follower, Resurrection


You were on level 2 of the Abyss.
You worshipped Beogh.
Beogh was exalted by your worship.
You visited 3 branches of the dungeon, and saw 22 of its levels.
You visited the Abyss 1 time.
You visited 1 bazaar.
You also visited: Bailey.

You collected 2210 gold pieces.
You spent 1697 gold pieces at shops.

Inventory:

Hand Weapons
 i - the +6 war axe "Giantbane" (weapon) {freeze, rF+}
   (You found it on level 1 of the Lair of Beasts)

   rF:        It protects you from fire.
 y - a +2 mace of holy wrath
 V - the +7 battleaxe of Recklessness {drain, Drain rElec rF+++ Dex+3}
   (You found it on level 5 of the Lair of Beasts)

   Dex:       It affects your dexterity (+3).
   rF:        It renders you almost immune to fire.
   rElec:     It insulates you from electricity.
   Drain:     It drains your maximum health when unequipped.
 W - the +10 sling "Hushui" {freeze, rF- rCorr Stlth+}
   (You found it on level 5 of the Lair of Beasts)

   rF:        It makes you vulnerable to fire.
   rCorr:     It protects you from acid and corrosion.
   Stlth:     It makes you more stealthy.
Missiles
 a - a throwing net
 h - 3 silver boomerangs
 s - 24 boomerangs (quivered)
 G - 74 poisoned darts
 J - 8 curare-tipped darts
Armour
 q - a +2 cloak (worn)
 v - a +3 scale mail of fire resistance (worn)
 w - a +2 pair of boots (worn)
 K - the +3 pair of gloves of the Hanged Man (worn) {rF+}
   (You bought it in a shop on level 13 of the Dungeon)

   rF:        It protects you from fire.
 L - a scarf of resistance
 O - a +2 buckler (worn)
 U - a +2 helmet (worn)
Jewellery
 b - a ring of ice
 t - the ring "Commuo" (left hand) {rPois rC+ rCorr Int+3 SInv}
   (You bought it in a shop in a bazaar)

   [ring of see invisible]

   Int:       It affects your intelligence (+3).
   rC:        It protects you from cold.
   rPois:     It protects you from poison.
   SInv:      It lets you see invisible.
   rCorr:     It protects you from acid and corrosion.
 u - a +4 ring of slaying
 z - a ring of willpower
 B - the amulet of Richiami (around neck) {Acrobat rPois rF+ Will+ Dex-2}
   (You found it on level 1 of the Lair of Beasts)

   [amulet of the acrobat]

   It increases your evasion while moving and waiting.
   Dex:       It affects your dexterity (-2).
   rF:        It protects you from fire.
   rPois:     It protects you from poison.
   Will:      It increases your willpower.
 F - a ring of protection from fire
 P - a ring of positive energy (right hand)
 X - a ring of resist corrosion
Wands
 f - a wand of flame (51)
 p - a wand of quicksilver (19)
 r - a wand of roots (24)
 E - a wand of polymorph (2)
 M - a wand of charming (22)
 S - a wand of mindburst (7)
 T - a wand of digging (7)
Scrolls
 d - a scroll of identify
 j - 9 scrolls of magic mapping
 k - 3 scrolls of amnesia
 l - 2 scrolls of silence
 n - 9 scrolls of teleportation
 o - 2 scrolls of fear
 N - a scroll of immolation
 R - 4 scrolls of fog
Potions
 c - a potion of ambrosia
 e - 8 potions of curing
 g - 2 potions of berserk rage
 x - 3 potions of haste
 A - 4 potions of might
 C - 3 potions of lignification
 H - 4 potions of brilliance
 I - 5 potions of attraction
 Y - a potion of mutation
 Z - a potion of resistance
Miscellaneous
 Q - a tin of tremorstones (2/2)


   Skills:
 + Level 13.2 Fighting
 - Level 18.2(18.4) Axes
 + Level 4.0(10.9) Maces & Flails
 + Level 9.2 Throwing
 + Level 14.8 Armour
 + Level 5.2 Dodging
 + Level 3.1 Stealth
 + Level 4.0 Shields
 * Level 14.1 Invocations


You had 14 spell levels left.
You didn't know any spells.
Your spell library contained the following spells:

 Spells                   Type           Power      Damage    Failure   Level
 Beastly Appendage        Tmut           0%         N/A       58%         1
 Freeze                   Ice            0%         1d3       58%         1
 Necrotise                Necr           0%         1d4       58%         1
 Ensorcelled Hibernation  Hex/Ice        0%         N/A       73%         2
 Wereblood                Tmut           0%         N/A       73%         2
 Frozen Ramparts          Ice            0%         1d1       92%         3
 Hailstorm                Conj/Ice       0%         3d3       92%         3
 Spider Form              Tmut/Pois      0%         N/A       92%         3
 Summon Guardian Golem    Hex/Summ       0%         N/A       92%         3
 Vampiric Draining        Necr           0%         2d6       92%         3
 Vhi's Electric Charge    Tloc/Air       0%         N/A       92%         3
 Anguish                  Hex/Necr       0%         N/A       100%        4
 Animate Dead             Necr           0%         N/A       100%        4
 Petrify                  Tmut/Erth      0%         N/A       100%        4
 Agony                    Necr           0%         N/A       100%        5
 Arcjolt                  Conj/Air       0%         1d10      100%        5
 Borgnjor's Vile Clutch   Necr/Erth      0%         N/A       100%        5
 Metabolic Englaciation   Hex/Ice        0%         N/A       100%        5
 Death Channel            Necr           0%         N/A       100%        6
 Plasma Beam              Fire/Air       0%         2x1d11    100%        6
 Statue Form              Tmut/Erth      0%         N/A       100%        6
 Orb of Destruction       Conj           0%         9d5       100%        7
 Spellforged Servitor     Conj/Summ      0%         N/A       100%        7


Dungeon Overview and Level Annotations

Branches:
Dungeon (15/15)            Temple (0/1) D:7            Lair (5/5) D:9
 Shoals (0/4) Lair:2        Snake (0/4) Lair:3        Slime (0/5) Lair:5
    Orc (2/2) D:9             Elf (0/3) Orc:2        Vaults (0/5) D:14
 Bailey (visited)
 Depths: D:15

Altars:
Ashenzari
Cheibriados
Dithmenos
Elyvilon
Gozag
Hepliaklqana
Makhleb
Nemelex Xobeh
Okawaru
Qazlal
Ru
Trog
Uskayaw
Wu Jian
Yredelemnul
Beogh
Jiyva

Shops:
D:2 ?   D:8 *   D:10 [   D:13 [   Orc:2 =[*?

Portals:
Pandemonium: Orc:2
Trove: D:13 (give 2 scrolls of acquirement)

Annotations:
D:5 2 transporters


Innate Abilities, Weirdness & Mutations

You can walk on water.
You passively map a small area around you.
Your spells are a little easier to cast, but a little less powerful.
[You sometimes lose your temper in combat.]


Message History

Throw: 24 boomerangs
Press: ? - help, Q - select action, (/) - cycle Shift-Dir - straight line, f/p - starcursed mass
Aim: a starcursed mass (almost destroyed, 98% to hit)
You throw a boomerang. The boomerang hits the starcursed mass!
You destroy the starcursed mass!
Beogh accepts your kill.
Throw: 24 boomerangs
Press: ? - help, Q - select action, (/) - cycle Shift-Dir - straight line, f - white imp
Aim: a white imp (68% to hit)
You throw a boomerang.
The boomerang closely misses the white imp.
Throw: 24 boomerangs
Press: ? - help, Q - select action, (/) - cycle Shift-Dir - straight line, f/p - white imp
Aim: a white imp (68% to hit)
You throw a boomerang. The boomerang hits the white imp!
You kill the white imp!
Beogh accepts your kill.
You start resting.
A chaos spawn comes into view.
The chaos spawn gives a hideous shriek!
The starcursed mass shrieks in your mind.
* * * LOW HITPOINT WARNING * * *
You hit the chaos spawn. You freeze the chaos spawn.
The chaos spawn is lightly wounded.
The chaos spawn gores you!
* * * LOW HITPOINT WARNING * * *
You feel your power leaking away.
The starcursed mass shrieks in your mind.
* * * LOW HITPOINT WARNING * * *
You hit the chaos spawn. You freeze the chaos spawn.
The chaos spawn is moderately wounded.
The chaos spawn hits you.
* * * LOW HITPOINT WARNING * * *
The chaos spawn shocks you!
* * * LOW HITPOINT WARNING * * *
You hit the chaos spawn. You freeze the chaos spawn.
The chaos spawn is heavily wounded.
A starcursed mass splits.
A chorus of shrieks assaults your mind.
You die...

# . . . #
. ## # ###
# .
#.#####...
#@4.(XX..
#######..
.


You could see 2 starcursed masses and a chaos spawn.

Vanquished Creatures
  A vault guard (D:14)
  Erolcha (Orc:1)
  4 two-headed ogres
  3 centaur warriors
  4 death yaks
  An orc high priest (Orc:2)
  A wretched star (Abyss:2)
  Amaemon (Lair:1)
  An anaconda zombie (Abyss:2)
  A phantasmal warrior (D:14)
  A manticore (D:12)
  5 ugly things
  2 cyclopes (D:14)
  A worldbinder (Abyss:2)
  A black mamba (Lair:5)
  2 smoke demons (Abyss:2)
  5 elephants
  A kobold demonologist (D:12)
  5 cane toads
  A rime drake (Lair:3)
  6 komodo dragons
  An ancient zyme (Abyss:2)
  2 efreet (D:14)
  A polar bear (Lair:5)
  A hydra zombie (Abyss:2)
  A harpy zombie (Abyss:2)
  2 trolls
  A hellwing (Abyss:2)
  3 hornets (Lair:5)
  3 raiju (Abyss:2)
  8 blink frogs
  3 slime creatures (D:13)
  3 ynoxinuls (Abyss:2)
  A wyvern (Lair:4)
  4 wraiths (Lair:4)
  Eustachio (D:4)
  5 spriggans (Lair:5)
  A vampire (D:11)
  A yak (shapeshifter) (D:13)
  15 yaks
  A steam dragon (D:8)
  2 wargs
  A neqoxec (Abyss:2)
  5 vampire mosquitoes
  2 acid dragons
  9 water moccasins
  4 black bears
  2 ice beasts
  3 boggarts (Lair:5)
  3 orc warriors
  17 wolves (Lair:5)
  4 ogres
  7 centaurs
  Blork the orc (D:4)
  5 kobold brigands
  6 bullfrogs
  A gnoll sergeant (D:11)
  4 scorpions
  6 wights
  2 howler monkeys
  2 electric eels
  3 hounds
  2 jellies
  An iron imp (Abyss:2)
  An orc priest (D:9)
  12 starcursed masses (Abyss:2)
  2 sleepcaps
  5 orc wizards
  2 hell rats (Lair:2)
  4 small abominations (Abyss:2)
  4 adders
  7 gnolls
  A shadow imp (D:5)
  2 white imps
  An ufetubus (D:5)
  2 worms
  2 dart slugs
  20 orcs
  9 ball pythons
  9 endoplasms
  5 giant cockroaches
  14 goblins
  9 hobgoblins
  2 jackals (D:2)
  31 kobolds
  A quokka (D:1)
  6 bats
  3 frilled lizards
  5 rats
357 creatures vanquished.

Vanquished Creatures (collateral kills)
  Frances (D:12)
  Gastronok (D:10)
  Snorg (Orc:1)
  Josephine (Lair:4)
  5 hydras
  Harold (Orc:1)
  A centaur warrior (D:15)
  A catoblepas (D:13)
  2 boulder beetles
  5 orc high priests (Orc:2)
  5 death yaks
  4 orc knights (Orc:2)
  A lindwurm (D:14)
  4 ugly things
  A salamander (Lair:3)
  5 orc sorcerers
  2 cyclopes (D:14)
  9 elephants
  A smoke demon (Orc:2)
  3 black mambas
  A rust devil (Orc:2)
  7 cane toads
  A gargoyle (D:10)
  An orange demon (Lair:1)
  A cane toad (shapeshifter) (D:13)
  4 komodo dragons
  4 polar bears
  3 trolls
  3 hornets (Lair:5)
  6 blink frogs
  4 dream sheep (Lair:5)
  3 slime creatures (D:13)
  7 spriggans (Lair:5)
  2 vampires
  3 shadows
  2 wraiths (D:12)
  2 wyverns
  8 yaks
  4 basilisks
  2 vampire mosquitoes (D:11)
  5 wargs
  7 water moccasins
  15 orc warriors
  A sky beast (D:8)
  3 black bears (Lair:5)
  8 wolves (Lair:5)
  A boggart (Lair:5)
  2 ogres (Orc:2)
  15 centaurs
  A kobold brigand (D:9)
  3 gnoll sergeants
  5 bullfrogs
  2 wights (D:10)
  An electric eel (D:10)
  3 lava snakes (Lair:3)
  2 jellies (Lair:5)
  7 orc priests
  A gnoll bouda (D:10)
  4 orc wizards
  5 hell rats (Lair:2)
  16 gnolls
  17 orcs
  3 endoplasms (Lair:5)
  5 kobolds
  2 goblins (D:9)
256 creatures vanquished.

Vanquished Creatures (others)
  An orc knight (Lair:3)
  An orc sorcerer (Orc:2)
  13 orc warriors
  5 orc priests
  An iguana (D:5)
  8 orc wizards
  34 orcs
63 creatures vanquished.

Grand Total: 676 creatures vanquished

Notes
Turn   | Place    | Note
-------+----------+-------------------------------------------
     0 | D:1      | booth the Hill Orc Monk began the quest for the Orb.
     0 | D:1      | Reached XP level 1. HP: 19/19 MP: 1/1
   178 | D:1      | Reached XP level 2. HP: 24/27 MP: 2/2
   555 | D:1      | Reached XP level 3. HP: 33/33 MP: 3/3
  1133 | D:2      | Found Mamuqoro's Magic Scroll Boutique.
  1187 | D:2      | Bought a scroll of identify for 26 gold pieces
  1293 | D:2      | Reached skill level 5 in Axes
  1293 | D:2      | Reached XP level 4. HP: 34/41 MP: 4/4
  1968 | D:3      | Noticed an ice beast
  1986 | D:3      | Identified a scroll of acquirement
  1986 | D:3      | Acquired a manual of Armour
  2001 | D:3      | Killed an ice beast
  2002 | D:3      | Reached skill level 5 in Fighting
  2002 | D:3      | Reached XP level 5. HP: 25/48 MP: 5/5
  2841 | D:4      | Noticed Blork the orc
  2856 | D:4      | Killed Blork the orc
  2857 | D:4      | Reached skill level 6 in Axes
  2857 | D:4      | Reached skill level 1 in Armour
  2857 | D:4      | Reached skill level 1 in Invocations
  2857 | D:4      | Reached XP level 6. HP: 20/56 MP: 6/6
  3869 | D:4      | Noticed Eustachio
  3893 | D:4      | Killed Eustachio
  3894 | D:4      | Reached XP level 7. HP: 45/61 MP: 8/8
  4004 | D:5      | Entered Level 5 of the Dungeon
  4104 | D:5      | Found an iron altar of Okawaru.
  4239 | D:5      | Found a transporter.
  4241 | D:5      | Found a transporter.
  4284 | D:5      | Identified the +9 spear of the Mushroom {vamp, Str+6 Int+3
                  | Dex+4}
  4284 | D:5      | Identified the +0 buckler of the Northern Lights {+Blink
                  | Str+2}
  4340 | D:5      | Reached skill level 7 in Axes
  4438 | D:5      | Became a worshipper of Beogh the Brigand
  4438 | D:5      | Reached * piety under Beogh
  4438 | D:5      | Reached ** piety under Beogh
  4942 | D:6      | Reached skill level 1 in Throwing
  4968 | D:6      | Reached XP level 8. HP: 69/70 MP: 10/10
  5038 | D:6      | Reached skill level 8 in Axes
  5690 | D:6      | Reached skill level 5 in Armour
  5793 | D:7      | Found a staircase to the Ecumenical Temple.
  5910 | D:7      | Reached skill level 9 in Axes
  6056 | D:7      | Found a flagged portal.
  6074 | Bailey   | Entered a bailey
  6088 | Bailey   | Reached *** piety under Beogh
  6391 | D:7      | Reached XP level 9. HP: 79/79 MP: 12/12
  6455 | D:7      | Found an ornate altar of the Wu Jian Council.
  6538 | D:7      | Found a white marble altar of Elyvilon.
  6544 | D:7      | Found a broken altar of Ashenzari.
  6601 | D:7      | Found a hazy altar of Hepliaklqana.
  6604 | D:7      | Found a burning altar of Makhleb.
  6615 | D:7      | Reached skill level 5 in Invocations
  6855 | D:7      | Found a stormy altar of Qazlal.
  6855 | D:7      | Found a snail-covered altar of Cheibriados.
  6855 | D:7      | Found a hide-covered altar of Uskayaw.
  6855 | D:7      | Found a shadowy altar of Dithmenos.
  6857 | D:7      | Found an opulent altar of Gozag.
  6859 | D:7      | Found a bloodstained altar of Trog.
  6861 | D:7      | Found a sparkling altar of Nemelex Xobeh.
  7077 | D:8      | Found Plog's Overcharged Wands.
  7090 | D:8      | Reached skill level 10 in Axes
  7354 | D:2      | Bought a scroll of teleportation for 39 gold pieces
  7354 | D:2      | Bought a scroll of enchant armour for 97 gold pieces
  9073 | D:9      | Found a staircase to the Orcish Mines.
  9098 | D:9      | Reached skill level 11 in Axes
  9250 | D:9      | Reached XP level 10. HP: 67/88 MP: 14/14
  9342 | D:9      | Reached **** piety under Beogh
  9366 | D:9      | Found a staircase to the Lair.
 10542 | D:10     | Entered Level 10 of the Dungeon
 10542 | D:10     | Noticed a gargoyle
 10547 | D:10     | Killed a gargoyle
 10739 | D:10     | Noticed an animated shadow dragon scales
 10748 | D:10     | Found a basalt altar of Yredelemnul.
 10767 | D:10     | Gained Bogward as an ally
 10786 | D:10     | Reached skill level 12 in Axes
 10914 | D:10     | Noticed a two-headed ogre
 10920 | D:10     | Killed a two-headed ogre
 10998 | D:10     | Noticed Gastronok
 11012 | D:10     | Killed Gastronok
 11013 | D:10     | Reached skill level 5 in Throwing
 11317 | D:10     | Found Gepsac's Armour Emporium.
 11317 | D:10     | Noticed an animated storm dragon scales
 11341 | D:10     | Found a sacrificial altar of Ru.
 11346 | D:10     | Reached XP level 11. HP: 97/97 MP: 17/17
 11387 | D:10     | Reached skill level 13 in Axes
 11905 | D:11     | Reached ***** piety under Beogh
 11915 | D:11     | Noticed a two-headed ogre
 11918 | D:11     | Reached skill level 10 in Armour
 11925 | D:11     | Killed a two-headed ogre
 12544 | D:12     | Noticed a two-headed ogre
 12653 | D:12     | Killed a two-headed ogre
 12831 | D:12     | Noticed Frances
 12839 | D:12     | Killed Frances
 12873 | D:12     | Reached skill level 14 in Axes
 12888 | D:12     | Gained Ugbert as an ally
 12889 | D:12     | Reached skill level 10 in Fighting
 13201 | D:12     | Gained Borgk as an ally
 13533 | D:12     | Noticed a manticore
 13542 | D:12     | Killed a manticore
 13861 | Lair:1   | Entered Level 1 of the Lair of Beasts
 13914 | Lair:1   | Identified the amulet of Richiami {Acrobat rPois rF+ Will+
                  | Dex-2}
 14066 | Lair:1   | Noticed a death yak
 14066 | Lair:1   | Noticed a death yak
 14068 | Lair:1   | Noticed a death yak
 14070 | Lair:1   | Noticed a death yak
 14071 | Lair:1   | Killed a death yak
 14071 | Lair:1   | Noticed Amaemon
 14072 | Lair:1   | Noticed a death yak
 14078 | Lair:1   | Killed a death yak
 14079 | Lair:1   | Reached XP level 12. HP: 64/107 MP: 19/19
 14082 | Lair:1   | Killed a death yak
 14088 | Lair:1   | Killed a death yak
 14090 | Lair:1   | Killed a death yak
 14091 | Lair:1   | Reached skill level 15 in Axes
 14095 | Lair:1   | Killed Amaemon
 14098 | Lair:1   | Reached skill level 10 in Invocations
 14338 | Lair:1   | Identified the +6 war axe "Giantbane" {freeze, rF+}
 15131 | Lair:2   | You fall into a shaft and drop 2 floors!
 15271 | Lair:3   | Noticed an eight-headed hydra
 15277 | Lair:3   | Your ally Bogward died
 15279 | Lair:3   | Killed an eight-headed hydra
 15656 | Lair:2   | Found a staircase to the Shoals.
 16095 | Lair:2   | Noticed a death yak
 16096 | Lair:2   | Noticed a death yak
 16098 | Lair:2   | Noticed a death yak
 16098 | Lair:2   | Noticed a death yak
 16103 | Lair:2   | Killed a death yak
 16104 | Lair:2   | Reached skill level 16 in Axes
 16104 | Lair:2   | Killed a death yak
 16106 | Lair:2   | Killed a death yak
 16108 | Lair:2   | Killed a death yak
 16296 | Lair:2   | Gained mutation: Your spells are a little easier to cast,
                  | but a little less powerful. [potion of mutation]
 16832 | Lair:3   | Gained Orik as an ally
 16976 | Lair:3   | Reached XP level 13. HP: 116/116 MP: 21/21
 17597 | Lair:3   | Found a staircase to the Snake Pit.
 18523 | Lair:4   | Noticed Josephine
 18533 | Lair:4   | Killed Josephine
 18534 | Lair:4   | Reached skill level 17 in Axes
 19590 | Lair:5   | Entered Level 5 of the Lair of Beasts
 19775 | Lair:5   | Reached ****** piety under Beogh
 20373 | Lair:5   | Reached skill level 18 in Axes
 20382 | Lair:5   | Identified the +10 sling "Hushui" {freeze, rF- rCorr
                  | Stlth+}
 20593 | Lair:5   | Found a viscous altar of Jiyva.
 20593 | Lair:5   | Found a staircase to the Slime Pits.
 20710 | Lair:5   | Reached XP level 14. HP: 127/127 MP: 23/23
 20998 | Lair:5   | Identified the +7 battleaxe of Recklessness {drain, Drain
                  | rElec rF+++ Dex+3}
 21208 | Orc:1    | Entered Level 1 of the Orcish Mines
 21216 | Orc:1    | Noticed Snorg
 21223 | Orc:1    | Killed Snorg
 21258 | Orc:1    | Noticed Erolcha
 21268 | Orc:1    | Killed Erolcha
 21276 | Orc:1    | Noticed Harold
 21283 | Orc:1    | Killed Harold
 21640 | Orc:2    | Entered Level 2 of the Orcish Mines
 21722 | Orc:2    | Found a roughly hewn altar of Beogh.
 21848 | Orc:2    | Reached skill level 1 in Maces & Flails
 21848 | Orc:2    | Reached skill level 1 in Shields
 21853 | Orc:2    | Found a staircase to the Elven Halls.
 21916 | Orc:2    | Gained Dorog as an ally
 21928 | Orc:2    | Found Olustuar's Magic Scroll Shop.
 21931 | Orc:2    | Found Toeguat's General Store.
 21977 | Orc:2    | Reached skill level 1 in Stealth
 22013 | Orc:2    | Bought a scroll of enchant armour for 135 gold pieces
 22013 | Orc:2    | Bought a scroll of enchant armour for 135 gold pieces
 22194 | Orc:2    | Found a flickering gateway to a bazaar.
 22242 | Orc:2    | Gained mutation: You passively map a small area around you.
                  | [a neqoxec]
 22486 | Orc:2    | Found Juethring's Antique Armour Emporium.
 22486 | Orc:2    | Found Reneumae's Jewellery Shoppe.
 22487 | Orc:2    | Found a one-way gate leading to the halls of Pandemonium.
 22500 | Orc:2    | Bought a steaming cloak for 275 gold pieces
 22500 | Orc:2    | Identified the +0 cloak "Silomit" {rPois} (You bought it in
                  | a shop on level 2 of the Orcish Mines)
 22748 | Orc:2    | Gained Norbak as an ally
 22751 | Orc:2    | Your ally Norbak died
 22967 | Bazaar   | Entered a bazaar
 22974 | Bazaar   | Found Cuehig's Weapon Boutique.
 22982 | Bazaar   | Found Wusaamir's Distillery.
 22987 | Bazaar   | Found Oxkenuan's Jewellery Shop.
 22989 | Bazaar   | Found Numnorch's Assorted Antiques.
 22990 | Bazaar   | Bought a potion of curing for 36 gold pieces
 23003 | Bazaar   | Found Dolouw Purol's Antique Armour Emporium.
 23004 | Bazaar   | Bought the ring "Commuo" {rPois rC+ rCorr Int+3 SInv} for
                  | 586 gold pieces
 23199 | D:13     | Found Jabab's Armour Shoppe.
 23222 | D:13     | Bought the +3 pair of gloves of the Hanged Man {rF+} for
                  | 368 gold pieces
 23745 | D:13     | Found a portal to a secret trove of treasure.
 24817 | D:14     | Found a gate to the Vaults.
 25216 | D:15     | Entered Level 15 of the Dungeon
 25546 | D:15     | Reached skill level 5 in Dodging
 26352 | Abyss:2  | Found a corrupted altar of Lugonu.
 26352 | Abyss:2  | Cast into level 2 of the Abyss (a wizard)
 26355 | Abyss:2  | Found a roughly hewn altar of Beogh.
 26360 | Abyss:2  | Found a corrupted altar of Lugonu.
 26377 | Abyss:2  | Found a hide-covered altar of Uskayaw.
 26493 | Abyss:2  | Noticed a starcursed mass
 26503 | Abyss:2  | Paralysed by accursed screaming for 2 turns
 26526 | Abyss:2  | HP: 4/193 [starcursed mass/accursed screaming (7)]
 26593 | Abyss:2  | Reached XP level 15. HP: 66/135 MP: 25/25
 26883 | Abyss:2  | HP: 5/136 [chaos spawn (8)]
 26884 | Abyss:2  | Killed from afar by a starcursed mass

Illustrated notes

Levels and vault maps discovered:
D:1:      nagdon_arrival_zigzag_paths, layout_loops_ring
D:2:      layout_rooms, serial_shops, shop, minmay_tall_x
D:3:      layout_basic, minmay_starry_boxes
D:4:      layout_basic, kennysheep_potato, uniq_blork_the_orc, uniq_eustachio
D:5:      layout_cave_pools, nicolae_overflow_crystal_walls,
          gammafunk_ghost_gnarly_gnolls, nicolae_elevator_lobby_asterisk
D:6:      layout_loops_ring, grunt_ministairs_11
D:7:      layout_cave_pods, mainiacjoe_overflow_six_doors_small, minitemple,
          minmay_temple_entry_overgrown, enter_bailey_3
D:8:      layout_basic, st_stairs_14, nicolae_shop_overcharged_wands
D:9:      layout_basic, erik_lair_orcish_takeover, erik_orc_3,
          minmay_misc_feat_encased, minivault_25
D:10:     layout_basic, mainiacjoe_overflow_small_starburst,
          mainiacjoe_overflow_tiny_flanked, serial_shops,
          nicolae_shop_mannequins, minmay_fountain_box,
          chequers_serial_rivers_small_b, dk_noncrumbling_4, uniq_gastronok
D:11:     layout_rooms
D:12:     layout_cross, st_stairs_6, uniq_frances
D:13:     layout_roguey, nicolae_trove_entry_crossroad, serial_shops,
          nicolae_shop_rolling_square, serial_bayou_crossing
D:14:     layout_basic, david_vaults_4, corexii_hall_statues_u
D:15:     grunt_enter_depths_snipers, layout_grid_maze, chequers_avenue,
          uniq_nessos
Lair:1:   layout_cave_pods, uniq_amaemon
Lair:2:   layout_cave_pods, minmay_shoals_entry_centaurs
Lair:3:   layout_loops_ring, nicolae_snake_entry_warm_welcome
Lair:4:   layout_cave_pods, wad_woods_river_01, serial_bayou_shore_a,
          grunt_megastairs_5, infiniplex_staircase_pool, uniq_josephine
Lair:5:   minmay_lair_end_enchanted_forest, layout_regular_city,
          nicolae_slime_entry_slimehenge, gammafunk_lair_bear_cave
Orc:1:    layout_caves, uniq_erolcha, uniq_harold, uniq_snorg
Orc:2:    pf_orc_diabolical, layout_caves, serial_shops, bzr_entry_road,
          kennysheep_orc_chapel
Abyss:2:  base:
D:10

Skill      XL: |  1  2  3  4  5  6  7  8  9 10 11 12 13 14 15 |
---------------+----------------------------------------------+-----
Fighting       | 4 5 6 7 8 9 10 11 12 13 | 13.2
Axes           | 5 6 7 9 11 12 14 16 18 | 18.2
Dodging        | 3 4 5 |  5.2
Armour         | 1 2 4 5 7 9 11 12 14 | 14.8
Invocations    | 1 2 3 4 6 8 9 11 12 13 14 | 14.1
Throwing       | 1 2 4 5 6 7 8 9 |  9.2
Maces & Flails | 3 4 |  4.0
Shields        | 3 4 |  4.0
Stealth        | 2 3 |  3.1

Action                     |  1- 3 |  4- 6 |  7- 9 | 10-12 | 13-15 || total
---------------------------+-------+-------+-------+-------+-------++-------
  Melee: Hand axe          |   131 |   167 |   211 |   160 |       ||   669
         War axe           |       |       |       |   104 |   488 ||   592
         Mace              |       |       |       |       |    15 ||    15
  Throw: Boomerang         |       |       |     4 |     4 |    51 ||    59
         Javelin           |       |       |       |       |     5 ||     5
 Invoke: Convert to Beogh  |       |       |     1 |       |       ||     1
         Recall Orcish Fol |       |       |       |     4 |    12 ||    16
         Give Item to Name |       |       |       |     2 |     1 ||     3
         Stop Recall       |       |       |       |       |     2 ||     2
  Evoke: Wand              |       |     2 |       |     1 |     5 ||     8
    Use: Scroll            |     5 |     4 |    13 |     8 |     6 ||    36
         Potion            |       |     1 |     4 |     1 |     9 ||    15
   Stab: Distracted        |       |       |       |     1 |     3 ||     4
 Armour: Robe              |     4 |       |       |       |       ||     4
         Leather armour    |    31 |    61 |    90 |   105 |   117 ||   404
         Scale mail        |       |       |       |       |   146 ||   146
  Dodge: Dodged            |    79 |    78 |   155 |   192 |   331 ||   835
  Block: Buckler           |       |       |       |    51 |   118 ||   169
